Map: Deathaura LE

Players

Leo (LeoRusher)

  • Race: Protoss Protoss
  • League: Grandmaster
  • Spawn Location: 11:00

RiSky - Winner!

  • Race: Zerg Zerg
  • Spawn Location: 5:00

Event: DreamHack SC2 Masters 2020 Winter

VOD

Have the link to the VOD?

Description

Time

  • Played on: Oct. 18, 2020, 1:28 a.m.
  • Length: 8:44

All games in this series

Show
View Real Time Build Order
Export as new Build Order

Leo Protoss 

Build Orders: 1 Gate Expand, Mass Adepts 

Get SALT Encoding   

  12  0:00  Probe  
  13  0:12  Probe  
  14  0:17  Pylon  
  14  0:24  Probe  
  15  0:36  Gateway  
  15  0:37  Probe (Chrono Boost)  
  16  0:47  Assimilator, Probe (Chrono Boost)  
  17  0:52  Probe (Chrono Boost)  
  18  1:04  Probe  
  19  1:16  Probe  
  20  1:22  Nexus  
  20  1:32  Cybernetics Core  
  20  1:37  Probe  
  21  1:41  Assimilator  
  21  1:49  Probe  
  21  1:50  Pylon  
  22  2:02  Probe (Chrono Boost)  
  22  2:05  Stalker (Chrono Boost)  
  23  2:09  Warp Gate  
  23  2:14  Probe (Chrono Boost)  
  26  2:20  Probe (Chrono Boost)  
  27  2:28  Adept  
  27  2:29  Twilight Council  
  29  2:34  Probe (Chrono Boost)  
  31  2:39  Probe (Chrono Boost)  
  31  2:44  Probe (Chrono Boost)  
  32  2:47  Probe (Chrono Boost)  
  32  2:50  Robotics Facility  
  33  2:56  Gateway  
  33  2:57  Probe  
  34  3:03  Probe  
  35  3:07  Resonating Glaives (Chrono Boost)  
  35  3:09  Probe  
  36  3:15  Adept  
  38  3:20  Gateway  
  38  3:30  Gateway  
  38  3:34  Warp Prism (Chrono Boost)  
  40  3:48  Gateway  
  40  3:52  Gateway  
  40  3:57  Adept x2  
  40  4:00  Pylon, Probe x2  
  46  4:03  Pylon  
  46  4:11  Pylon  
  46  4:25  Adept x3  
  46  4:26  Adept  
  46  4:29  Pylon  
  54  4:45  Adept x3  
  48  4:46  Adept x2  
  48  4:47  Adept  
  48  4:59  Probe x2  
  46  5:07  Adept x4  
  46  5:13  Assimilator  
  50  5:14  Warp Prism (Chrono Boost)  
  48  5:26  Adept x2  
  48  5:27  Probe x2  
  46  5:30  Adept  
  52  5:55  Adept  
  54  5:59  Immortal (Chrono Boost)  
  54  6:00  Adept x2  
  54  6:01  Zealot x3  
  58  6:09  Pylon  
  58  6:11  Pylon  
  50  6:22  Adept x4  
  49  6:33  Robotics Facility  
  49  6:37  Adept  
  51  6:40  Gateway  
  51  6:44  Cybernetics Core  
  49  6:49  Adept  
  49  6:51  Zealot  
  47  6:56  Zealot  
  43  7:14  Zealot x3  
  44  7:25  Immortal (Chrono Boost)  
  44  7:26  Probe x2  
  50  7:36  Gateway  
  50  7:41  Pylon  
  50  7:52  Adept x2  
  50  7:53  Adept  
  50  7:55  Sentry  
  58  7:59  Adept  
  60  8:08  Pylon  
  60  8:18  Adept x4  
  68  8:23  Adept  
Show
View Real Time Build Order
Export as new Build Order

RiSky Zerg - Winner!

Build Orders: Hatch First 

Get SALT Encoding   

  12  0:00  Drone  
  13  0:12  Overlord  
  13  0:16  Drone  
  14  0:30  Drone x2  
  16  0:48  Hatchery  
  15  0:51  Drone  
  15  0:55  Drone  
  17  0:58  Drone  
  18  1:09  Extractor  
  17  1:13  Spawning Pool  
  17  1:16  Drone  
  17  1:20  Drone  
  18  1:29  Drone  
  19  1:38  Drone  
  20  1:49  Overlord  
  20  2:00  Queen x2  
  20  2:01  Zergling x4  
  26  2:11  Drone  
  26  2:12  Drone  
  26  2:14  Metabolic Boost  
  28  2:22  Drone x2  
  30  2:34  Hatchery  
  29  2:41  Drone  
  30  2:44  Queen  
  30  2:48  Overlord  
  33  2:51  Drone  
  33  2:53  Drone  
  33  2:56  Drone  
  35  3:00  Drone  
  36  3:11  Drone x4  
  36  3:12  Drone  
  41  3:15  Drone  
  41  3:18  Overlord  
  42  3:26  Roach Warren  
  41  3:28  Queen  
  41  3:29  Extractor  
  41  3:30  Drone  
  41  3:33  Drone  
  44  3:38  Drone  
  46  3:41  Drone x2  
  46  3:42  Drone  
  46  3:46  Overlord  
  48  3:49  Drone  
  48  3:52  Drone x2  
  48  3:53  Drone  
  52  3:56  Overlord  
  52  4:09  Roach x3  
  58  4:11  Zergling x4  
  58  4:15  Zergling x4  
  58  4:16  Zergling x2  
  63  4:19  Zergling x2  
  64  4:24  Zergling x8  
  64  4:29  Zergling x2  
  64  4:30  Ravager x3  
  72  4:32  Overlord  
  72  4:35  Overlord  
  72  4:43  Zergling x8  
  70  4:49  Zergling x10  
  71  4:54  Queen x2, Zergling x8  
  71  4:59  Roach  
  78  5:01  Roach  
  78  5:05  Roach  
  82  5:12  Roach  
  80  5:14  Roach  
  80  5:15  Roach  
  80  5:21  Zergling x2  
  80  5:25  Spore Crawler  
  80  5:26  Spore Crawler x2  
  74  5:29  Zergling x14  
  74  5:33  Lair  
  82  5:35  Ravager  
  82  5:36  Overlord  
  82  5:39  Drone  
  82  5:40  Drone  
  84  5:44  Drone x2  
  86  5:55  Drone x3  
  88  6:03  Drone  
  88  6:06  Drone  
  88  6:09  Drone, Overlord  
  87  6:13  Drone x4  
  87  6:14  Overlord  
  87  6:15  Extractor  
  88  6:22  Drone x3  
  88  6:23  Drone  
  88  6:24  Ravager  
  93  6:26  Overlord  
  93  6:28  Drone  
  93  6:31  Extractor  
  89  6:34  Drone  
  89  6:39  Drone  
  89  6:40  Hatchery  
  89  6:41  Drone  
  89  6:42  Drone  
  89  6:43  Ravager x2  
  89  6:46  Drone  
  90  6:49  Evolution Chamber  
  90  6:50  Drone x2  
  90  6:53  Drone  
  92  6:57  Extractor, Roach x4  
  92  7:00  Glial Reconstitution  
  99  7:01  Roach x3  
  99  7:02  Overlord  
  99  7:06  Roach  
  104  7:14  Roach x3  
  107  7:18  Roach x5  
  107  7:21  Roach  
  116  7:27  Roach x2  
  122  7:30  Extractor, Roach  
  122  7:32  Overlord x3  
  121  7:38  Roach x3  
  127  7:44  Roach  
  127  7:46  Overseer  
  127  7:50  Overlord x2  
  127  7:51  Overlord x2  
  129  7:54  Zergling x6  
  129  7:57  Hatchery  
  131  8:01  Drone x3  
  131  8:03  Ravager x2  
  131  8:04  Drone  
  131  8:05  Drone x4  
  141  8:07  Ravager  
  141  8:08  Ravager  
  143  8:13  Drone  
  143  8:14  Drone x2  
  143  8:17  Drone x3  
  150  8:20  Drone  
  150  8:22  Spore Crawler  
  150  8:24  Drone x2  
  150  8:25  Drone  
Tags
 
Add a new tag
Caveats
  • Supply blocks, unpowered buildings, or Contaminate may cause inaccurate times.
  • Supply counts are checked every 10 seconds.